Map: Invader LE

Players

ICpolarizing

  • Race: Terran Terran
  • Spawn Location: 11:00

Fropez - Winner!

  • Race: Protoss Protoss
  • League: Silver
  • Spawn Location: 1:00

VOD

Have the link to the VOD?

Description

Time

  • Played on: June 2, 2016, 7:38 p.m.
  • Length: 14:18
Show
View Real Time Build Order
Export as new Build Order

ICpolarizing Terran 

Build Orders: MMM Bio 

Get SALT Encoding   

  12  0:00  SCV  
  13  0:13  SCV  
  14  0:19  Supply Depot  
  14  0:29  SCV  
  15  0:41  SCV  
  16  0:45  Barracks  
  16  0:53  SCV, Refinery  
  17  1:05  SCV  
  17  1:06  Supply Depot  
  18  1:17  SCV  
  20  1:45  Orbital Command  
  20  1:47  Refinery  
  20  1:49  Reaper  
  20  1:59  Barracks  
  20  2:11  Command Center  
  20  2:18  SCV  
  20  2:22  Marine  
  22  2:40  Marine  
  23  2:47  SCV  
  24  2:57  Marine  
  25  2:59  Barracks Reactor  
  25  3:05  Factory  
  25  3:06  SCV  
  25  3:17  Barracks Tech Lab  
  25  3:21  SCV  
  26  3:33  SCV  
  27  3:37  Bunker  
  27  3:41  Stimpack  
  27  3:42  Marine x2  
  27  3:43  Marauder  
  31  3:55  Starport, Widow Mine  
  31  4:00  Marine x2  
  35  4:05  Engineering Bay  
  35  4:17  Marine  
  35  4:18  Marine  
  35  4:19  Supply Depot  
  37  4:24  Widow Mine  
  37  4:29  Marauder, Refinery  
  41  4:47  Orbital Command  
  41  4:49  Refinery  
  39  5:10  Marine  
  39  5:11  Marine  
  39  5:29  Marine  
  40  5:44  Medivac  
  36  6:11  SCV  
  37  6:18  SCV  
  38  6:23  SCV  
  38  6:25  Missile Turret  
  39  6:30  SCV  
  40  6:34  Concussive Shells  
  40  6:37  Medivac  
  42  6:40  Marine, Liberator  
  43  6:50  Terran Infantry Weapons Level 1  
  43  6:51  Widow Mine  
  45  6:59  Marauder  
  50  7:02  Barracks  
  50  7:03  Marine  
  51  7:20  Marauder  
  51  7:21  Marine  
  54  7:44  Starport  
  54  7:45  Supply Depot  
  54  7:47  Supply Depot  
  54  8:02  Combat Shields  
  54  8:06  Marine  
  54  8:07  SCV x2, Marauder  
  59  8:24  Marine  
  60  8:28  Marauder  
  58  8:38  Liberator  
  56  8:42  Marine  
  56  8:46  Barracks Tech Lab  
  57  8:50  Marauder  
  57  8:54  Medivac  
  64  9:00  Marine  
  65  9:07  Liberator  
  64  9:11  Marine  
  29  10:03  Marauder  
  31  10:07  Medivac  
  33  10:15  Marine x2, Command Center  
  33  10:24  Marine  
  31  11:18  Marine x2  
  22  12:35  Marauder  
  20  12:39  Orbital Command  
  20  13:21  SCV  
  18  13:49  SCV  
  19  14:01  SCV x2  
Show
View Real Time Build Order
Export as new Build Order

Fropez Protoss - Winner!

Build Orders: Blink Stalkers 

Get SALT Encoding   

  12  0:01  Probe (Chrono Boost)  
  13  0:14  Pylon  
  13  0:18  Probe (Chrono Boost)  
  14  0:33  Gateway  
  14  0:38  Probe (Chrono Boost)  
  15  0:44  Assimilator  
  15  0:49  Probe (Chrono Boost)  
  16  0:58  Pylon  
  16  0:59  Probe (Chrono Boost)  
  17  1:10  Probe (Chrono Boost)  
  18  1:15  Assimilator  
  18  1:20  Cybernetics Core  
  18  1:22  Probe (Chrono Boost)  
  20  1:33  Probe (Chrono Boost)  
  20  1:43  Probe (Chrono Boost)  
  21  1:54  Probe (Chrono Boost)  
  22  1:56  Stalker  
  22  1:57  Warp Gate (Chrono Boost)  
  24  2:05  Mothership Core (Chrono Boost)  
  26  2:11  Gateway  
  26  2:23  Probe (Chrono Boost)  
  26  2:26  Stalker  
  29  2:34  Pylon, Probe  
  30  2:46  Probe  
  31  2:56  Stalker  
  31  2:58  Probe, Stalker  
  36  3:13  Twilight Council  
  36  3:14  Pylon, Probe  
  39  3:31  Probe  
  38  3:36  Pylon  
  38  3:43  Probe  
  39  3:50  Blink (Chrono Boost)  
  39  3:51  Pylon  
  39  3:55  Probe  
  39  4:02  Stalker  
  39  4:03  Stalker  
  39  4:07  Probe  
  44  4:19  Probe  
  45  4:32  Nexus  
  45  4:36  Gateway  
  45  4:40  Probe  
  46  4:48  Stalker  
  46  4:50  Stalker  
  42  6:02  Probe  
  42  6:03  Probe  
  40  6:26  Pylon  
  40  6:27  Assimilator  
  40  6:29  Assimilator  
  40  6:30  Probe x2  
  42  6:35  Pylon, Gateway  
  42  6:36  Stalker  
  42  6:37  Stalker x2  
  48  6:40  Pylon, Gateway  
  48  6:46  Pylon  
  48  6:59  Dark Shrine  
  48  7:00  Probe  
  48  7:01  Pylon, Probe  
  49  7:02  Robotics Facility  
  49  7:03  Forge  
  50  7:11  Probe  
  50  7:13  Probe  
  52  7:17  Stalker x3  
  52  7:21  Probe  
  59  7:48  Photon Cannon  
  59  7:55  Warp Prism  
  59  7:56  Probe x2  
  63  8:00  Pylon, Protoss Ground Weapons Level 1 (Chrono Boost)  
  63  8:01  Photon Cannon  
  63  8:05  Photon Cannon  
  63  8:11  Pylon  
  63  8:16  Stalker  
  63  8:17  Stalker x4  
  69  8:20  Photon Cannon  
  67  8:41  Stalker x4  
  73  9:06  Dark Templar x4  
  69  10:18  Dark Templar x2  
  69  10:20  Gateway  
  73  10:23  Gateway  
  73  10:26  Gateway x2  
  73  10:30  Pylon, Gateway  
  73  10:32  Pylon  
  73  10:35  Gateway x2  
  71  10:45  Nexus  
  71  10:48  Assimilator  
  71  10:50  Assimilator  
  71  10:52  Pylon  
  71  10:54  Pylon  
  71  10:58  Pylon  
  71  11:02  Pylon  
  59  11:25  Stalker  
  59  11:26  Stalker  
  63  11:37  Protoss Ground Weapons Level 2 (Chrono Boost)  
  63  11:38  Probe x2  
  65  11:40  Forge  
  65  11:44  Dark Templar x3  
  65  11:45  Dark Templar x4  
  79  11:49  Stalker  
  79  11:50  Probe x2, Stalker  
  75  12:43  Zealot  
  75  12:44  Zealot x6  
  81  12:45  Zealot x2  
  89  13:14  Stalker x3  
  89  13:16  Stalker  
  89  13:17  Stalker  
  85  13:34  Probe  
  85  13:36  Probe x2  
  88  13:48  Observer  
  89  13:54  Stalker x2  
  93  13:56  Stalker  
Tags
 
League
Silver
Matchup
PvT
Replay Pack
All Mines
Spawn Locations
Close Positions
Add a new tag
Caveats
  • Supply blocks, unpowered buildings, or Contaminate may cause inaccurate times.
  • Supply counts are checked every 10 seconds.